 Dungeon Crawl Stone Soup version 0.22-a0-605-g9281fa2 (webtiles) character file.

3488 sking99 the Martial Artist (level 9, -4/85 HPs)
             Began as a Red Draconian Transmuter on July 8, 2018.
             Was a High Priest of Ru.
             Slain by a blink frog (18 damage)
             ... on level 1 of the Lair of Beasts.
             The game lasted 00:28:41 (14563 turns).

sking99 the Martial Artist (DrTm)                  Turns: 14563, Time: 00:28:41

Health: -4/85      AC:  7    Str: 12    XL:     9   Next: 80%
Magic:  12/12      EV: 16    Int: 15    God:    Ru [*****.]
Gold:   538        SH:  2    Dex: 14    Spells: 0/12 levels left

rFire    + . .     SeeInvis .     - Unarmed
rCold    . . .     Gourm    .   (shield unavailable)
rNeg     . . .     Faith    .   (armour unavailable)
rPois    .         Spirit   .   (helmet restricted)
rElec    .         Reflect  +   (no cloak)
rCorr    .         Harm     .   (no gloves)
MR       .....                  (boots currently unavailable)
Stlth    ..........             f - +2 amulet of reflection
HPRegen  0.24/turn              (ring unavailable)
MPRegen  0.13/turn              (no ring)

@: appendage (expiring), drained
A: breathe fire, unfitting armour, talons 3, fire resistance 1, cold-blooded,
missing a hand, no stealth, inexperienced 1, AC +7
a: Breathe Fire, End Transformation, Draw Out Power, Power Leap, Apocalypse,
Renounce Religion


You were on level 1 of the Lair of Beasts.
You worshipped Ru.
Ru was extremely pleased with you.
You were hungry.
You had grown temporary talons.
You visited 2 branches of the dungeon, and saw 11 of its levels.

You collected 577 gold pieces.
You spent 39 gold pieces at shops.

Inventory:

Missiles
 a - 132 arrows
Jewellery
 f - a +2 amulet of reflection (around neck)
Wands
 o - a wand of digging (26)
 v - a wand of disintegration (8)
 w - a wand of flame (35)
Scrolls
 b - 6 scrolls of remove curse
 d - a scroll of magic mapping
 k - 5 scrolls of teleportation
 n - a scroll of immolation
 s - a scroll of enchant weapon
 u - a scroll of enchant armour
 x - a scroll of identify
Potions
 e - 7 potions of brilliance
 g - 4 potions of lignification
 h - a potion of berserk rage {unknown}
 i - a potion of agility {unknown}
 j - a potion of ambrosia {unknown}
 l - a potion of flight {unknown}
 p - 2 potions of curing
 q - 6 potions of haste
 r - 3 potions of mutation {unknown}
 t - a potion of invisibility {unknown}
 z - a potion of might {unknown}
Comestibles
 c - 21 rations
 m - 7 chunks of flesh


   Skills:
 - Level 10.0(9.8) Fighting
 + Level 6.7(6.6) Dodging
 - Level 12.0(11.8) Unarmed Combat
 - Level 2.0(1.8) Spellcasting
 + Level 2.5(2.4) Charms
 + Level 5.9(5.8) Transmutations


You couldn't memorise any spells.
You knew the following spells:

 Your Spells              Type           Power        Failure   Level  Hunger
a - Beastly Appendage     Tmut           ###...       1%          1    ##.....
b - Sticks to Snakes      Tmut           ###.....     3%          2    ###....
c - Blade Hands           Tmut           ###.......   50%         5    ######.
d - Regeneration          Chrm/Necr      #.........   38%         3    ####...
e - Shroud of Golubria    Chrm/Tloc      #.........   21%         2    ###....

Your spell library contained the following spells:

 Spells                   Type           Power        Failure   Level  Hunger
 Magic Dart               Conj           #...         22%         1    ##.....
 Iskenderun's Mystic Bla  Conj           #.......     92%         4    #####..
 Spider Form              Tmut/Pois      ##........   21%         3    ####...
 Ice Form                 Ice/Tmut       ##......     56%         4    #####..
 Fulminant Prism          Conj/Hex       #.........   92%         4    #####..
 Dazzling Spray           Conj/Hex       #.....       56%         3    ####...
 Force Lance              Conj/Tloc      #.......     92%         4    #####..
 Infusion                 Chrm           #...         9%          1    ##.....
 Song of Slaying          Chrm           #.......     13%         2    ###....
 Spectral Weapon          Hex/Chrm       #.......     38%         3    ####...
 Searing Ray              Conj           #.....       34%         2    ###....


Dungeon Overview and Level Annotations

Branches:
Dungeon (10/15)            Temple (0/1) D:7            Lair (1/6) D:8
    Orc: D:9-12

Altars:
Ashenzari
Dithmenos
Elyvilon
Fedhas
Gozag
Kikubaaqudgha
Nemelex Xobeh
Okawaru
Qazlal
Ru
Sif Muna
Wu Jian
Yredelemnul

Shops:
D:6 (   D:10 *}(

Annotations:
D:8 3 runed doors, soark's ghost, novice DsGl


Innate Abilities, Weirdness & Mutations

You can breathe blasts of fire.
Your fiery red scales are hard. (AC +7)
You cannot fit into any form of body armour.
Your flesh is heat resistant. (rF+)
You are cold-blooded and may be slowed by cold attacks.
You are missing a hand.
You cannot be stealthy.
You are somewhat inexperienced. (-2 XL)
You have claws for feet.


Message History

The blink frog closely misses you.
You miss the blink frog. Your kick misses the blink frog.
Your tail-slap misses the blink frog.
The blink frog is heavily wounded.
You block the blink frog's attack.
You hit the blink frog.
The blink frog is heavily wounded.
The blink frog is stunned by your will and fails to attack.
You punch the blink frog!
The blink frog is almost dead.
The blink frog blinks!
Your transformation is almost over.
The blink frog blinks!
The blink frog begins to attack, but is stunned by your will!
You redirect the blink frog's attack!
The blink frog hits you. The blink frog hits you!
* * * LOW HITPOINT WARNING * * *
The blink frog blinks!
The blink frog hits you!!
You die...

..# #..# ..# #..# ...P #..##
#..# #..# P..P# P..#####..P
##..#
########..#.P##..###...## #
.................#P....P###.#
...<..÷........F.........$...
................@....>.......
................§....†..##..
.######....###...###....# .
##.##...##....# #....##
........###...###.....#
...............#.....##
...............###...%#
##P######.##...# #.....# ##
###....# #....##


You could see a blink frog.

Vanquished Creatures
  A two-headed ogre (D:8)
  2 ugly things (D:8)
  A troll (D:10)
  A hornet (D:8)
  3 hippogriffs
  2 blink frogs (Lair:1)
  A spriggan (D:8)
  A hungry ghost (D:10)
  7 yaks (D:10)
  Menkaure (D:7)
  A soldier ant (D:10)
  3 water moccasins
  2 ice beasts (D:5)
  3 porcupines
  2 orc warriors
  A phantom (D:8)
  2 eyes of draining
  4 black bears
  3 sky beasts
  4 ogres
  4 centaurs
  2 crocodiles
  Blork the orc (D:5)
  2 bullfrogs
  2 gnoll sergeants
  9 scorpions
  4 howler monkeys (D:9)
  8 wights
  4 electric eels
  3 crimson imps
  3 jellies
  A bullfrog zombie (D:7)
  A centaur zombie (D:5)
  A bullfrog skeleton (D:8)
  4 hounds
  7 orc wizards
  An orc priest (D:8)
  6 worker ants
  4 iguanas
  A mummy (D:6)
  2 worker ant zombies
  11 adders
  7 gnolls
  3 shadow imps
  3 oozes
  2 adder skeletons (D:4)
  A dart slug (D:4)
  6 leopard geckos
  39 orcs
  5 giant cockroaches
  6 goblins
  4 hobgoblins
  11 jackals
  5 quokkas
  A ball python (D:2)
  6 bats
  3 frilled lizards
  A hobgoblin zombie (D:6)
  6 kobolds
  A kobold zombie (D:6)
  2 orc zombies (D:6)
  7 rats
  A spectral orc (D:5)
246 creatures vanquished.

Vanquished Creatures (collateral kills)
  An ogre (D:4)
1 creature vanquished.

Vanquished Creatures (others)
  An ogre (D:7)
  A centaur (D:10)
  A quokka (D:6)
  10 fungi (D:8)
  5 plants (D:8)
18 creatures vanquished.

Grand Total: 265 creatures vanquished

Notes
Turn   | Place    | Note
-------+----------+-------------------------------------------
     0 | D:1      | sking99 the Draconian Transmuter began the quest for the Orb.
     0 | D:1      | Reached XP level 1. HP: 16/16 MP: 3/3
   134 | D:1      | Reached XP level 2. HP: 7/23 MP: 5/5
   809 | D:2      | Learned a level 2 spell: Sticks to Snakes
  1133 | D:2      | Reached XP level 3. HP: 29/29 MP: 6/6
  1411 | D:2      | Found an ancient bone altar of Kikubaaqudgha.
  1559 | D:2      | Found a shattered altar of Ashenzari.
  1728 | D:3      | Found a sacrificial altar of Ru.
  2251 | D:3      | Reached skill level 4 in Unarmed Combat
  2263 | D:3      | Reached XP level 4. HP: 36/36 MP: 7/7
  2855 | D:4      | Noticed an ogre
  2880 | D:4      | Killed an ogre
  2880 | D:4      | Reached XP level 5. HP: 15/42 MP: 2/8
  3085 | D:4      | Found an ornate altar of the Wu Jian Council.
  3085 | D:4      | Found a shadowy altar of Dithmenos.
  3085 | D:4      | Found a deep blue altar of Sif Muna.
  3117 | D:3      | Became a worshipper of Ru the Awakened
  3353 | D:4      | Reached skill level 5 in Unarmed Combat
  3412 | D:4      | Learned a level 5 spell: Blade Hands
  3446 | D:4      | Found a stormy altar of Qazlal.
  3809 | D:4      | You fall through a shaft for 2 floors!
  3809 | D:6      | Noticed an ogre
  3827 | D:6      | Killed an ogre
  3827 | D:6      | Reached XP level 6. HP: 26/51 MP: 3/9
  4002 | D:5      | Entered Level 5 of the Dungeon
  4011 | D:5      | Noticed an ice beast
  4044 | D:5      | Noticed an ice beast
  4422 | D:5      | Noticed Blork the orc
  4432 | D:5      | Killed Blork the orc
  4679 | D:5      | Found a blossoming altar of Fedhas.
  4691 | D:5      | Reached skill level 6 in Unarmed Combat
  4691 | D:5      | Your scales start taking on a fiery red colour.
  4691 | D:5      | Reached XP level 7. HP: 27/59 MP: 10/10
  4691 | D:5      | Gained mutation: Your flesh is heat resistant. (rF+) [Red Draconian growth]
  5767 | D:5      | Reached skill level 7 in Unarmed Combat
  6078 | D:5      | Found a basalt altar of Yredelemnul.
  6092 | D:5      | Gained mutation: You are missing a hand. [Ru sacrifice]
  6092 | D:5      | Reached * piety under Ru
  6092 | D:5      | Reached ** piety under Ru
  6115 | D:5      | Reached skill level 5 in Fighting
  6134 | D:5      | Reached skill level 5 in Transmutations
  6134 | D:5      | Reached XP level 8. HP: 21/68 MP: 9/11
  6834 | D:6      | Found a sparkling altar of Nemelex Xobeh.
  6928 | D:6      | Found a white marble altar of Elyvilon.
  6965 | D:6      | Reached skill level 8 in Unarmed Combat
  8081 | D:6      | Found an opulent altar of Gozag.
  8448 | D:6      | Found Peteuh's Weapon Boutique.
  8513 | D:6      | Reached skill level 9 in Unarmed Combat
  8942 | D:7      | Reached XP level 9. HP: 70/78 MP: 12/12
  9262 | D:7      | Found a staircase to the Ecumenical Temple.
  9534 | D:7      | Noticed Menkaure
  9541 | D:7      | Killed Menkaure
  9541 | D:7      | Reached skill level 10 in Unarmed Combat
  9908 | D:7      | Gained mutation: You cannot be stealthy. [Ru sacrifice]
  9908 | D:7      | Reached *** piety under Ru
 10432 | D:8      | Noticed a two-headed ogre
 10451 | D:8      | Killed a two-headed ogre
 10451 | D:8      | Reached XP level 10. HP: 21/88 MP: 10/13
 10794 | D:8      | Reached skill level 11 in Unarmed Combat
 10804 | D:8      | Noticed a red ugly thing
 10920 | D:8      | Noticed a brown ugly thing
 10937 | D:8      | Killed a brown ugly thing
 10951 | D:8      | Killed a red ugly thing
 11260 | D:8      | Found a staircase to the Lair.
 11373 | D:8      | Found a runed gate.
 11374 | D:8      | Found a runed gate.
 11374 | D:8      | Found a runed gate.
 11375 | D:8      | Noticed soark's ghost (novice DsGl)
 11399 | D:8      | Reached skill level 5 in Dodging
 12180 | D:9      | Found an iron altar of Okawaru.
 12246 | D:9      | Reached skill level 12 in Unarmed Combat
 13017 | D:10     | Entered Level 10 of the Dungeon
 13018 | D:10     | Found Xest's Gadget Boutique.
 13381 | D:10     | Learned a level 3 spell: Regeneration
 13384 | D:10     | Learned a level 2 spell: Shroud of Golubria
 13474 | D:10     | Reached XP level 11. HP: 81/99 MP: 12/14
 13477 | D:10     | Reached skill level 1 in Charms
 13636 | D:10     | Found Vahoisadgh's Antique Weapon Boutique.
 13721 | D:10     | Reached skill level 10 in Fighting
 13792 | D:10     | Gained mutation: You are somewhat inexperienced. (-2 XL) [Ru sacrifice]
 13792 | D:10     | Reached XP level 10. HP: 89/93 MP: 13/13
 13792 | D:10     | Reached XP level 9. HP: 85/85 MP: 12/12
 13792 | D:10     | Reached **** piety under Ru
 13792 | D:10     | Reached ***** piety under Ru
 13814 | D:10     | Noticed a troll
 13824 | D:10     | Killed a troll
 14094 | D:10     | Found Ifoat's General Store.
 14101 | D:10     | Bought a potion of curing for 39 gold pieces
 14475 | Lair:1   | Entered Level 1 of the Lair of Beasts
 14563 | Lair:1   | Slain by a blink frog

Vault maps used:
D:1:      zaba_arrival_water, minmay_misc_feat_chi
D:2:      lemuel_doored_altar, old_standard_altar, first_ration
D:3:      nicolae_overflow_hidden_temple, st_stairs_1, minmay_box_of_dots
D:4:      kennysheep_mini, gammafunk_temple_overflow_forgotten,
          portal_sewer_entry_d, kennysheep_generic_room_9
D:5:      nicolae_overflow_crystal_walls, yredelemnul_forgotten_temple_becter,
          uniq_blork_the_orc
D:6:      elyvilon_altar_4, lemuel_coloured_pillars_altar, serial_shops, shop,
          basic_altar, chequers_big_river, minmay_mini_ossuary
D:7:      minmay_temple_entry_grid, item_on_display_a, uniq_menkaure
D:8:      grunt_lair_entry_orc_guard_hut, gammafunk_ghost_necromancy, the_bakery
D:9:      marbit_many_paths
D:10:     serial_shops, shop, kennysheep_mini_moat, nicolae_shop_stone,
          columned_hall_lemuel

Skill      XL: |  1  2  3  4  5  6  7  8  9 10 11 |
---------------+----------------------------------+-----
Fighting       | 2 3 4 5 6 8 9 10 | 10.0
Unarmed Combat | 4 5 6 7 9 10 12 | 12.0
Transmutations | 3 4 5 |  5.9
Dodging        | 4 6 |  6.7
Charms         | 2 1 |  2.5
Spellcasting   | |  2.0

Action                   |  1- 3 |  4- 6 |  7- 9 | 10-12 || total
-------------------------+-------+-------+-------+-------++-------
Melee: Unarmed           |   177 |   198 |   412 |   234 ||  1021
       Tailslap          |    14 |    14 |    58 |    26 ||   112
       Punch             |     2 |     1 |     4 |       ||     7
       Kick              |       |       |     2 |       ||     2
       Headbutt          |       |       |       |     3 ||     3
 Cast: Sticks to Snakes  |       |     9 |    11 |     3 ||    23
       Beastly Appendage |       |       |     4 |     1 ||     5
Invok: Sacrifice a Hand  |       |       |     1 |       ||     1
       Draw Out Power    |       |       |     1 |     1 ||     2
       Sacrifice Stealth |       |       |     1 |       ||     1
       Sacrifice Experie |       |       |     1 |       ||     1
 Abil: Breathe Fire      |       |       |    37 |    20 ||    57
Evoke: Wand              |       |       |       |     5 ||     5
  Use: Scroll            |       |    11 |     2 |     3 ||    16
       Potion            |       |     1 |     1 |     1 ||     3
 Stab: Sleeping          |     1 |     1 |     3 |       ||     5
       Distracted        |       |     1 |       |       ||     1
       Invisible         |       |       |     3 |       ||     3
       Paralysed         |       |       |     2 |       ||     2
  Eat: Chunk             |     4 |     8 |    17 |    16 ||    45
       Ration            |       |       |     3 |     1 ||     4
Armor: Skin              |    47 |    42 |    90 |    49 ||   228
Dodge: Dodged            |   110 |   106 |   195 |   139 ||   550
Block: Other             |       |     9 |    26 |    10 ||    45
       Reflection        |       |       |     1 |       ||     1

Table legend:
 A = Spawn XP
 B = Non-spawn XP
 C = Spawn XP percentage of total XP
 D = Spawn monster count
 E = Non-spawn monster count
 F = Spawn count percentage of total count
 G = Total turns spent on level
                    A         B        C        D         E        F      G
               +---------+---------+-------+---------+---------+-------+---------
         Total |       0 |   13618 |   0.0 |       0 |     249 |   0.0 | 14563
               +---------+---------+-------+---------+---------+-------+---------
           D:1 |       0 |      28 |   0.0 |       0 |      18 |   0.0 |   805
           D:2 |       0 |      26 |   0.0 |       0 |      18 |   0.0 |   859
           D:3 |       0 |      79 |   0.0 |       0 |      22 |   0.0 |  1174
           D:4 |       0 |     231 |   0.0 |       0 |      18 |   0.0 |  1525
           D:5 |       0 |    1146 |   0.0 |       0 |      18 |   0.0 |  2153
           D:6 |       0 |    1128 |   0.0 |       0 |      31 |   0.0 |  2368
           D:7 |       0 |    1184 |   0.0 |       0 |      22 |   0.0 |  1026
           D:8 |       0 |    4517 |   0.0 |       0 |      42 |   0.0 |  2144
           D:9 |       0 |    1830 |   0.0 |       0 |      35 |   0.0 |  1332
          D:10 |       0 |    2530 |   0.0 |       0 |      20 |   0.0 |  1089
        Lair:1 |       0 |     919 |   0.0 |       0 |       5 |   0.0 |    88
               +---------+---------+-------+---------+---------+-------+---------
